 Dungeon Crawl Stone Soup version 0.27-a0-1149-g4505690ab0 (webtiles) character file.

Game seed: 15641131389483933166

8766 xXB1b13ThUmP3rXXSwAg the Severer (level 11, 26/70 HPs)
             Began as a Deep Dwarf Fighter on May 13, 2021.
             Was a Priest of Makhleb.
             Quit the game on level 2 of the Abyss.
             The game lasted 00:16:17 (7672 turns).

xXB1b13ThUmP3rXXSwAg the Severer (DDFi)             Turns: 7672, Time: 00:16:18

Health: 26/70      AC:  8    Str: 22    XL:     11   Next: 14%
Magic:  0/1        EV:  5    Int:  6    God:    Makhleb [***...]
Gold:   351        SH:  9    Dex:  8    Spells: 10/10 levels left

rFire    . . .     SeeInvis .   a - +2 war axe (venom)
rCold    . . .     Faith    .   c - +0 kite shield
rNeg     . . .     Spirit   .   o - +0 chain mail
rPois    .         Reflect  .   n - +0 helmet
rElec    .         Harm     .   (no cloak)
rCorr    .         Rampage  .   H - +1 pair of gloves
Will     +....                  (no boots)
Stlth    ..........             (no amulet)
HPRegen  0.00/turn              (no ring)
MPRegen  0.07/turn              (no ring)

@: no status effects
A: damage resistance, heal wounds, sense surroundings 2, no regeneration,
[clumsy 2], [deformed body], [dopey 2], [frail 2], [low mp 3]
a: Heal Wounds, Renounce Religion, Minor Destruction, Lesser Servant of Makhleb


You were on level 2 of the Abyss.
You worshipped Makhleb.
Makhleb was most pleased with you.
You visited 2 branches of the dungeon, and saw 11 of its levels.
You visited the Abyss 1 time.
You also visited: Ossuary.

You collected 645 gold pieces.
You spent 294 gold pieces at shops.

Inventory:

Hand Weapons
 a - a +2 war axe of venom (weapon)
Missiles
 j - 31 poisoned darts
 l - 5 javelins (quivered)
 s - 153 stones
 w - 3 throwing nets
 x - 11 boomerangs
Armour
 b - a +0 scale mail
 c - a +0 kite shield (worn)
 n - a +0 helmet (worn)
 o - a +0 chain mail (worn)
 H - a +1 pair of gloves (worn)
 K - a +0 tower shield
Jewellery
 L - a ring of flight
Wands
 d - a wand of digging (12)
 h - a wand of acid (6)
 i - a wand of iceblast (4)
 p - a wand of paralysis (13)
 q - a wand of flame (24)
Scrolls
 f - 2 scrolls of noise
 r - a scroll of immolation {unknown}
 t - 5 scrolls of amnesia
 v - a scroll of blinking {unknown}
 y - a scroll of torment
 F - 2 scrolls of fog
 X - a scroll of magic mapping {@r4}
 Y - 10 scrolls of teleportation {@r3}
 Z - a scroll of identify {@r1}
Potions
 e - 2 potions of brilliance {unknown}
 g - a potion of resistance
 k - 2 potions of flight {unknown}
 m - a potion of magic {unknown}
 u - 3 potions of lignification {unknown}
 A - 4 potions of attraction
 B - a potion of mutation {unknown}
 C - 2 potions of berserk rage {unknown}
 D - a potion of degeneration {unknown}
 E - a potion of cancellation {unknown}
 G - 3 potions of haste {unknown}
 J - 7 potions of curing {@q1}
 M - 2 potions of might


   Skills:
 - Level 2.6 Fighting
 * Level 17.6 Axes
 - Level 3.2 Armour
 - Level 3.2 Shields


You had 10 spell levels left.
You didn't know any spells.
Your spell library contained the following spells:

 Spells                   Type           Power      Damage    Failure   Level
 Magic Dart               Conj           0%         1d3       100%        1
 Shock                    Conj/Air       0%         1d3       100%        1
 Summon Small Mammal      Summ           0%         N/A       100%        1
 Blink                    Tloc           N/A        N/A       100%        2
 Call Imp                 Summ           0%         N/A       100%        2
 Slow                     Hex            0%         N/A       100%        2
 Static Discharge         Conj/Air       0%         N/A       100%        2
 Call Canine Familiar     Summ           0%         N/A       100%        3
 Conjure Flame            Conj/Fire      0%         6-21      100%        3
 Mephitic Cloud           Conj/Pois/Air  0%         N/A       100%        3
 Summon Guardian Golem    Hex/Summ       0%         N/A       100%        3
 Swiftness                Air            0%         N/A       100%        3
 Airstrike                Air            0%         N/A       100%        4
 Summon Ice Beast         Ice/Summ       0%         N/A       100%        4
 Summon Lightning Spire   Summ/Air       0%         N/A       100%        4
 Lightning Bolt           Conj/Air       0%         1d11      100%        5


Dungeon Overview and Level Annotations

Branches:
Dungeon (10/15)            Temple (0/1) D:4            Lair (1/6) D:9
    Orc (0/2) D:10        Ossuary (visited)

Altars:
Ashenzari
Elyvilon
Gozag
Hepliaklqana
Kikubaaqudgha
Makhleb
Okawaru
Ru
Vehumet
Yredelemnul

Shops:
D:4 [!=*

Annotations:
D:3 3 runed translucent doors, Likado's ghost, amateur DjSu
D:10 2 transporters, Psyche


Innate Abilities, Weirdness & Mutations

You are resistant to damage.
You can heal yourself by infusing magical energy.
You passively map the area around you.
You do not regenerate.
[You are very clumsy. (Dex -4)]
[Armour fits poorly on your strangely shaped body.]
[You are very dopey. (Int -4)]
[You are very frail. (-20% HP)]
[Your magical capacity is extremely low. (-30% MP)]


Message History

You hit the iron imp.
The iron imp is poisoned.
The iron imp is moderately wounded.
The iron imp hits you.
You hear a chilling moan.
You slash the iron imp!
You kill the iron imp!
You feel better.
You see here a scroll of teleportation {@r3}.
As you read the scroll of enchant weapon, it crumbles to dust.
Your +0 war axe of venom glows red for a moment.
As you read the scroll of enchant weapon, it crumbles to dust.
Your +1 war axe of venom glows red for a moment.
Y - 10 scrolls of teleportation {@r3} (gained 1) Autopickup is now off.
Autopickup is now on.
As you read the scroll labelled PIUTZI DIHI, it crumbles to dust.
You feel momentarily disoriented.
It was a scroll of magic mapping.
X - a scroll of magic mapping
Okay, then.
It was a potion of curing.
You feel better.
J - 7 potions of curing;
g - a potion of resistance A wretched star comes into view.
Deactivating autopickup; reactivate with Ctrl-A.
You hit something.
The wretched star pulses with an eldritch light!
You feel less energetic. x2; You feel frail. x2
Something hits you!!
You feel your power leaking away.
Unknown command.
Unknown command.
Unknown command.
Something hits you!
* * * LOW HITPOINT WARNING * * *
The wretched star pulses with an eldritch light!
Your body twists and deforms.
You feel less energetic.
You see here a scroll of identify {@r1}.
Z - a scroll of identify {@r1} The wretched star pulses with an eldritch light!
You feel stupid. x2; You feel clumsy. x2
Are you sure you want to abandon this character and quit the game? (Confirm with "yes".)

#. .. . .. ... ..#. ..
.... #..# ..# ..
....##..##..##..
................ .
.............. ..
#..##..##..# ..
...##.@##..##..##..
...................
..................
....##..##..##..# .#
.....##..##..##..##..##.
............*.........
......... ......... ...
. ...##..##..##. ##..##.
.... #..##..##..## .#


You could see a wretched star.

Vanquished Creatures
  Erolcha (D:10)
  2 two-headed ogres
  An elephant (D:9)
  A gargoyle (D:10)
  2 komodo dragons (D:9)
  A meliai zombie (D:10)
  Sigmund (D:3)
  A shadow (D:8)
  2 wyverns
  A wraith (D:8)
  Eustachio (D:5)
  A basilisk (D:9)
  A fire elemental (Lair:1)
  3 wargs (D:10)
  2 water moccasins
  4 orc warriors
  2 necrophages
  2 black bears
  An ice beast (D:5)
  A hornet zombie (D:9)
  2 ogres
  2 centaurs
  A phantom (D:5)
  An elf zombie (D:8)
  A kobold brigand (D:6)
  A gnoll sergeant (D:10)
  2 scorpions
  A wyvern zombie (D:7)
  5 bullfrogs
  An elf skeleton (D:8)
  A wyvern skeleton (D:7)
  4 howler monkeys
  A bullfrog zombie (D:5)
  2 centaur zombies
  7 hounds
  An iron imp (Abyss:2)
  2 centaur skeletons
  A human zombie (D:8)
  3 orc priests
  Ijyb (D:5)
  A gnoll shaman (D:6)
  6 jellies
  Natasha (D:2)
  An iguana (D:7)
  An orc wizard (D:8)
  A human skeleton (D:8)
  A killer bee zombie (D:6)
  8 mummies (Ossuary)
  Robin (D:3)
  A howler monkey zombie (D:9)
  2 howler monkey skeletons
  8 adders
  8 gnolls
  A shadow imp (D:5)
  A white imp (D:6)
  2 worms (D:2)
  3 dart slugs
  27 orcs
  6 endoplasms
  3 giant cockroaches
  3 gnoll zombies (Ossuary)
  14 goblins
  16 hobgoblins
  13 jackals
  10 kobolds
  3 quokkas
  A ball python (D:2)
  4 bats
  A frilled lizard (D:1)
  2 hobgoblin zombies (Ossuary)
  A jackal skeleton (D:4)
  A kobold zombie (Ossuary)
  2 orc skeletons (D:8)
  2 orc zombies (Ossuary)
  11 rats
238 creatures vanquished.

Vanquished Creatures (others)
  8 plants
  2 withered plants (D:7)
10 creatures vanquished.

Grand Total: 248 creatures vanquished

Notes
Turn   | Place    | Note
-------+----------+-------------------------------------------
     0 | D:1      | xXB1b13ThUmP3rXXSwAg the Deep Dwarf Fighter began the quest
                  | for the Orb.
     0 | D:1      | Reached XP level 1. HP: 20/20 MP: 1/1
    83 | D:1      | Reached skill level 3 in Axes
    84 | D:1      | Reached XP level 2. HP: 21/27 MP: 2/2
   352 | D:1      | Found a faded altar of an unknown god.
   540 | D:1      | Reached XP level 3. HP: 23/33 MP: 3/3
   827 | D:2      | Reached skill level 4 in Axes
   863 | D:2      | Reached XP level 4. HP: 40/40 MP: 4/4
   915 | D:2      | Reached skill level 5 in Axes
   995 | D:2      | Reached skill level 6 in Axes
   995 | D:2      | Reached XP level 5. HP: 33/46 MP: 5/5
  1281 | D:2      | Noticed Natasha
  1286 | D:2      | Killed Natasha
  1510 | D:3      | Found a runed translucent gate.
  1510 | D:3      | Found a runed translucent gate.
  1510 | D:3      | Found a runed translucent gate.
  1511 | D:3      | Noticed Likado's ghost (amateur DjSu)
  1561 | D:3      | Reached skill level 7 in Axes
  1563 | D:3      | Reached XP level 6. HP: 29/55 MP: 6/6
  1641 | D:3      | Noticed Robin
  1699 | D:3      | Killed Robin
  1716 | D:3      | Noticed Sigmund
  1786 | D:3      | Killed Sigmund
  1787 | D:3      | Reached skill level 8 in Axes
  1823 | D:3      | Found an opulent altar of Gozag.
  1824 | D:3      | Found a burning altar of Makhleb.
  1827 | D:3      | Found a sacrificial altar of Ru.
  1842 | D:3      | Became a worshipper of Makhleb the Destroyer
  2139 | D:4      | Reached XP level 7. HP: 61/61 MP: 5/5
  2144 | D:4      | Found Marhidwo's Distillery.
  2159 | D:4      | Bought a potion of heal wounds for 70 gold pieces
  2162 | D:4      | Found Folytit's Jewellery Boutique.
  2216 | D:4      | Found an iron altar of Okawaru.
  2279 | D:4      | Found a staircase to the Ecumenical Temple.
  2340 | D:4      | Found Veprunka's Assorted Antiques.
  2473 | D:4      | Found Quvuh's Antique Armour Boutique.
  2617 | D:5      | Entered Level 5 of the Dungeon
  2627 | D:5      | Noticed Ijyb
  2639 | D:5      | Reached skill level 9 in Axes
  2644 | D:5      | Killed Ijyb
  2647 | D:5      | Found a broken altar of Ashenzari.
  2763 | D:5      | Reached * piety under Makhleb
  2890 | D:5      | Noticed Eustachio
  2908 | D:5      | Killed Eustachio
  2909 | D:5      | Reached skill level 10 in Axes
  2951 | D:5      | Reached XP level 8. HP: 68/68 MP: 6/6
  2994 | D:5      | Reached skill level 11 in Axes
  3818 | D:6      | Reached skill level 12 in Axes
  3851 | D:6      | Gained mutation: You passively map the area around you.
                  | [Deep Dwarf growth]
  3851 | D:6      | Reached XP level 9. HP: 50/74 MP: 7/7
  4112 | D:6      | Found a white marble altar of Elyvilon.
  4417 | D:7      | Found a basalt altar of Yredelemnul.
  4458 | D:7      | Reached skill level 13 in Axes
  4641 | D:7      | Reached ** piety under Makhleb
  5130 | D:8      | Reached skill level 14 in Axes
  5196 | D:4      | Bought a potion of ambrosia for 112 gold pieces
  5196 | D:4      | Bought a potion of ambrosia for 112 gold pieces
  5506 | D:8      | Found a sand-covered staircase.
  5522 | Ossuary  | Entered an ossuary
  5971 | D:8      | Found a hazy altar of Hepliaklqana.
  6211 | D:9      | Reached *** piety under Makhleb
  6212 | D:9      | Reached skill level 15 in Axes
  6212 | D:9      | Reached XP level 10. HP: 62/81 MP: 7/7
  6225 | D:9      | Found an ancient bone altar of Kikubaaqudgha.
  6551 | D:9      | Found a staircase to the Lair.
  6551 | D:9      | Noticed an elephant
  6588 | D:9      | Killed an elephant
  6660 | D:9      | Noticed a two-headed ogre
  6677 | D:9      | Killed a two-headed ogre
  6678 | D:9      | Reached skill level 16 in Axes
  6917 | D:10     | Entered Level 10 of the Dungeon
  6917 | D:10     | Noticed Erolcha
  6924 | D:10     | Killed Erolcha
  6950 | D:10     | Noticed a gargoyle
  6956 | D:10     | Killed a gargoyle
  6999 | D:10     | Noticed a two-headed ogre
  7012 | D:10     | Killed a two-headed ogre
  7013 | D:10     | Reached skill level 17 in Axes
  7045 | D:10     | Found a transporter.
  7143 | D:10     | Found a staircase to the Orcish Mines.
  7154 | D:10     | Reached XP level 11. HP: 38/88 MP: 5/5
  7210 | D:10     | Found a radiant altar of Vehumet.
  7278 | Lair:1   | Entered Level 1 of the Lair of Beasts
  7521 | D:10     | Found a transporter.
  7615 | D:10     | Noticed Psyche
  7621 | D:10     | Cast into level 2 of the Abyss (Psyche)
  7663 | Abyss:2  | Noticed a wretched star
  7672 | Abyss:2  | Quit the game

Illustrated notes

Levels and vault maps discovered:
D:1:      dpeg_arrival_boxorama, layout_rooms,
          ebering_ecumenical_altar_petrified, serial_corexii_hall,
          corexii_hall_statues_l, corexii_hall_statues_l,
          minmay_misc_feat_plants, minmay_misc_feat_pillars, interstate_on_off
D:2:      layout_basic, uniq_natasha
D:3:      layout_basic, gammafunk_temple_overflow_forgotten,
          ebering_ghost_rock_garden, dk_noncrumbling_2, uniq_sigmund, uniq_robin
D:4:      layout_cave_pools, lemuel_crystal_altar, minmay_temple_entry_trees,
          serial_shops, nicolae_shop_window_shopping, nicolae_shop_statue_plus,
          nicolae_shop_crystal, shop_fountains, roderic_roman_lattice,
          chequers_serial_rivers_micro_e, hangedman_decor_push
D:5:      layout_basic, ashenzari_conservatory_becter, hex_large,
          hangedman_abyss_or_decor_jellyfish_corner, st_stairs_9,
          minmay_misc_feat_cross, hangedman_decor_growths, uniq_eustachio,
          uniq_ijyb
D:6:      layout_loops_ring, old_standard_altar, lexackson_kobold_supper
D:7:      layout_loops_ring, yredelemnul_altar_generic, dk_vineyard_2
D:8:      layout_cave_pools, kennysheep_mini_moat,
          nicolae_ossuary_entry_catacombs, minmay_misc_feat_secret_circle
D:9:      layout_irregular_city, nicolae_overflow_crystal_walls,
          david_lair_generic
D:10:     gammafunk_cloud_chamber, layout_irregular_city, vehumet_altar_wand_db,
          kennysheep_mini, minmay_orc_entry_guard_dogs, uniq_erolcha,
          uniq_psyche
Lair:1:   wander_river, layout_gridlike, nicolae_volcano_entry_two_sided
Abyss:2:  base:
D:12

Skill      XL: |  1  2  3  4  5  6  7  8  9 10 |
---------------+-------------------------------+-----
Axes           | 3 4 6 7 8 10 12 15 17 | 17.6
Fighting       | |  2.6
Armour         | |  3.2
Shields        | |  3.2

Action                   |  1- 3 |  4- 6 |  7- 9 | 10-12 || total
-------------------------+-------+-------+-------+-------++-------
Melee: War axe           |    67 |   130 |   422 |   136 ||   755
Throw: Javelin           |       |     7 |    11 |     9 ||    27
 Abil: Heal Wounds       |     1 |     4 |     6 |    16 ||    27
Evoke: Wand              |       |       |     9 |       ||     9
  Use: Scroll            |       |     3 |     3 |     7 ||    13
       Potion            |       |     1 |     6 |     4 ||    11
Armor: Scale mail        |    23 |       |       |       ||    23
       Chain mail        |    14 |    76 |   204 |    96 ||   390
Dodge: Dodged            |    28 |    39 |    89 |    28 ||   184
Block: Kite shield       |    42 |    67 |   221 |    74 ||   404

Table legend: (Time is in decaauts)
 A = Elapsed time spent in this place.
 B = Non-inter-level travel time spent in this place.
 C = Inter-level travel time spent in this place.
 D = Time resting spent in this place.
 E = Time spent auto-exploring this place.
 F = Levels seen in this place.
 G = Mean time per level.
                   A        B        C        D        E       F      G
               +--------+--------+--------+--------+--------+-----+--------+
         Total |   7872 |   7422 |    450 |      0 |   5198 |  13 |  605.5 |
       Dungeon |   7525 |   7075 |    450 |      0 |   5103 |  10 |  752.5 |
          Lair |     92 |     92 |      0 |      0 |     37 |   1 |   92.0 |
         Abyss |     50 |     50 |      0 |      0 |      0 |   1 |   50.0 |
       Ossuary |    204 |    204 |      0 |      0 |     57 |   1 |  204.0 |
               +--------+--------+--------+--------+--------+-----+--------+

Top non-repeatable levels by time:
     D:5: 987 daAuts
     D:6: 904 daAuts
     D:9: 894 daAuts
     D:2: 762 daAuts
     D:7: 759 daAuts
     D:1: 735 daAuts
     D:8: 714 daAuts
     D:3: 693 daAuts
     D:4: 612 daAuts
    D:10: 459 daAuts
 Ossuary: 204 daAuts
  Lair:1: 92 daAuts
 Abyss:2: 50 daAuts
